Map: Pillars of Gold LE

Players

A.I. 2 (Very Easy) - Winner!

  • Race: Protoss Protoss
  • Spawn Location: 7:00

HuShang

  • Race: Protoss Protoss
  • Spawn Location: 1:00

VOD

Have the link to the VOD?

Description

Time

  • Played on: Nov. 2, 2020, 9:18 p.m.
  • Length: 7:54
Show
View Real Time Build Order
Export as new Build Order

A.I. 2 (Very Easy) Protoss - Winner!

Build Orders: 1 Gate Expand, Nexus First 

Get SALT Encoding   

  12  0:00  Probe  
  13  0:13  Probe  
  14  0:20  Pylon  
  14  0:43  Gateway  
  14  1:02  Nexus  
  14  1:21  Pylon  
  14  1:22  Zealot  
  14  1:25  Assimilator  
  16  1:39  Cybernetics Core  
  16  1:40  Probe  
  17  1:52  Probe  
  18  2:02  Probe  
  18  2:05  Assimilator  
  19  2:10  Probe  
  20  2:17  Stalker  
  20  2:18  Probe, Warp Gate  
  23  2:29  Probe  
  24  2:34  Probe  
  25  2:44  Probe  
  26  2:56  Probe  
  26  2:57  Assimilator  
  27  2:59  Pylon  
  27  3:02  Probe  
  28  3:11  Probe  
  29  3:14  Probe  
  29  3:17  Robotics Facility  
  27  3:26  Zealot  
  25  3:32  Probe  
  25  3:39  Probe  
  26  3:46  Probe  
  27  3:53  Probe  
  28  4:00  Probe  
  29  4:04  Observer  
  29  4:05  Probe  
  29  4:08  Assimilator  
  31  4:13  Probe  
  32  4:18  Probe  
  33  4:25  Probe  
  33  4:26  Observer  
  35  4:35  Sentry  
  35  4:36  Probe  
  31  4:43  Probe  
  31  4:50  Probe  
  32  4:58  Probe  
  33  5:05  Probe  
  34  5:10  Probe  
  35  5:17  Probe  
  36  5:22  Probe  
  37  5:29  Probe  
  38  5:40  Probe  
  37  5:48  Probe  
  34  5:55  Probe  
  35  6:02  Probe  
  36  6:09  Probe  
  37  6:12  Stalker  
  37  6:14  Probe  
  37  6:17  Pylon  
  40  6:23  Probe  
  40  6:38  Probe  
  24  6:40  Zealot  
  21  6:50  Probe  
  22  7:02  Probe  
  21  7:09  Stalker  
  21  7:13  Probe  
  24  7:21  Pylon  
  24  7:22  Probe  
Show
View Real Time Build Order
Export as new Build Order

HuShang Protoss 

Build Orders: Oracle Opening 

Get SALT Encoding   

  12  0:00  Probe  
  13  0:12  Probe  
  14  0:18  Pylon  
  14  0:25  Probe  
  15  0:37  Probe (Chrono Boost)  
  15  0:41  Gateway  
  16  0:47  Probe (Chrono Boost)  
  16  0:48  Assimilator  
  17  0:52  Probe (Chrono Boost)  
  18  0:57  Assimilator  
  18  1:03  Probe (Chrono Boost)  
  19  1:14  Probe (Chrono Boost), Gateway  
  20  1:19  Probe (Chrono Boost)  
  21  1:29  Probe  
  21  1:31  Cybernetics Core  
  22  1:38  Pylon  
  22  1:42  Probe  
  23  1:56  Probe  
  24  2:07  Adept  
  24  2:08  Adept, Warp Gate  
  28  2:11  Pylon  
  28  2:18  Stargate  
  28  2:44  Nexus  
  28  2:47  Probe  
  29  2:56  Robotics Facility  
  29  3:03  Oracle (Chrono Boost)  
  29  3:08  Probe  
  33  3:21  Probe  
  32  3:30  Oracle (Chrono Boost)  
  32  3:33  Probe  
  34  3:37  Pylon  
  34  3:45  Probe  
  35  3:54  Immortal  
  39  3:57  Probe x2  
  41  4:09  Probe x2  
  43  4:12  Twilight Council  
  43  4:21  Probe x2  
  45  4:25  Immortal  
  45  4:33  Probe x2  
  51  4:42  Resonating Glaives (Chrono Boost)  
  52  4:45  Probe, Pylon  
  52  4:53  Gateway  
  52  4:55  Gateway  
  52  4:57  Gateway  
  52  5:00  Warp Prism (Chrono Boost)  
  54  5:11  Gateway  
  54  5:16  Gateway  
  54  5:21  Gateway  
  54  5:28  Adept x2  
  58  5:51  Adept x2  
  58  5:52  Adept x3  
  58  5:57  Pylon x2  
  68  6:18  Adept x7  
  82  6:40  Adept x2  
  82  6:50  Pylon x2  
  82  6:52  Pylon  
  82  7:04  Adept x2  
  86  7:08  Adept x5  
  96  7:28  Adept x4  
  96  7:29  Adept x3  
  110  7:33  Pylon  
  110  7:35  Pylon  
  110  7:38  Assimilator x2  
  110  7:49  Shield Battery  
  110  7:50  Shield Battery  
  110  7:51  Stalker  
  112  7:53  Stalker x2, Shield Battery  
Tags
 
Add a new tag
Caveats
  • Supply blocks, unpowered buildings, or Contaminate may cause inaccurate times.
  • Supply counts are checked every 10 seconds.